 Dungeon Crawl Stone Soup version 0.16.2-12-gd0ad4c3 (webtiles) character file.

374 magipi the Chopper (level 6, -17/47 (48) HPs)
             Began as a Ghoul Gladiator on Oct 23, 2015.
             Was an Initiate of Kikubaaqudgha.
             Demolished by an ogre
             ... wielding a +0 giant club
              (21 damage)
             ... on level 5 of the Dungeon.
             The game lasted 00:22:57 (2953 turns).

magipi the Chopper (Ghoul Gladiator)                Turns: 2953, Time: 00:22:58

HP:   -17/47 (48)   AC: 12    Str: 19    XL:     6   Next: 72%
MP:   5/5           EV:  6    Int: 10    God:    Kikubaaqudgha [......]
Gold: 151           SH:  0    Dex: 10    Spells: 0 memorised, 5 levels left

rFire  . . .     SeeInvis +     a - +0 war axe
rCold  + . .     Clarity  .     o - +0 plate armour
rNeg   + + +     SustAb   .     (no shield)
rPois  ∞         Gourm    .     c - +0 helmet
rElec  .         Spirit   .     (no cloak)
rCorr  .         Warding  .     A - +0 pair of gloves (curse)
rMut   .         Stasis   .     (no boots)
MR     .....                    r - amulet of regeneration
Stlth  ..........               i - ring of see invisible
                                j - +6 ring of intelligence

@: rotting, not resistant to hostile enchantments, extremely unstealthy
A: rotting body, claws 1, carnivore 3, cold resistance 1, negative energy
resistance 3, poison resistance, slow healing 1, torment resistance, unbreathing
a: Renounce Religion


You were on level 5 of the Dungeon.
You worshipped Kikubaaqudgha.
Kikubaaqudgha was noncommittal.
You were not hungry.

You visited 2 branches of the dungeon, and saw 7 of its levels.

You collected 151 gold pieces.

Inventory:

Hand weapons
 a - a +0 war axe (weapon)
Missiles
 d - 3 throwing nets
 e - 4 javelins (quivered)
 w - 18 poisoned needles
Armour
 c - a +0 helmet (worn)
 o - a +0 plate armour (worn)
 A - a cursed +0 pair of gloves (worn)
Jewellery
 i - a ring of see invisible (right hand)
 j - a +6 ring of intelligence (left hand)
 p - the ring of Truth {rElec rC- MR++ MP-9 Str+3 SInv}
   (You found it on level 4 of the Dungeon)

   [ring of see invisible]

   It affects your strength (+3).
   It makes you vulnerable to cold.
   It insulates you from electricity.
   It affects your resistance to hostile enchantments.
   It affects your magic capacity (-9).
   It enhances your eyesight.
 r - an amulet of regeneration (around neck)
 B - an uncursed amulet of clarity
Scrolls
 f - a scroll of teleportation
 k - 2 scrolls of remove curse
 t - a scroll of blinking {unknown}
 y - a scroll of enchant armour {unknown}
 z - 3 scrolls of identify {unknown}
Potions
 b - a potion of cure mutation {unknown}
 l - a potion of haste {unknown}
 n - 3 potions of curing
 q - a potion of magic {unknown}
 u - a potion of cancellation {unknown}
 v - a potion of heal wounds {unknown}
 x - 2 potions of resistance {unknown}
Books
 g - a book of Cantrips

   Spells                             Type                      Level
   a - Corona                         Hexes                        1
   b - Animate Skeleton               Necromancy                   1
   c - Summon Small Mammal            Summoning                    1
   d - Apportation                    Translocation                1
Comestibles
 h - 2 meat rations
 s - a beef jerky


   Skills:
 - Level 2.1 Fighting
 + Level 6.6 Axes
 - Level 2.0 Throwing
 - Level 2.6 Dodging


You had 5 spell levels left.
You didn't know any spells.

Dungeon Overview and Level Annotations

Branches:
Dungeon (6/15)             Temple (1/1) D:4

Altars:
Ashenzari
Cheibriados
Fedhas
Gozag
Kikubaaqudgha
Makhleb
Nemelex Xobeh
Okawaru
Qazlal
Sif Muna
Vehumet
Xom
Yredelemnul
The Shining One

Annotations:
D:4 Duvessa


Innate Abilities, Weirdness & Mutations

Your body is rotting away.
You thrive on raw meat.
You have sharp fingernails.
You are carnivorous and can eat meat at any time.
Your flesh is cold resistant.
You are immune to negative energy.
Your system is resistant to poisons.
You heal slowly when monsters are visible.
You are immune to unholy pain and torment.
You can survive without breathing.

Vault maps used:
D:1:      minmay_arrival_wavy_path
D:2:      old_standard_altar, lemuel_coloured_pillars_altar,
          kennysheep_cross_room
D:3:      minmay_misc_feat_room
D:4:      minmay_temple_entry_glassed_door, kennysheep_dice, uniq_duvessa
D:5:      enter_ossuary_5, first_bread, kennysheep_pointless_box,
          hangedman_decor_peaks_small, uniq_pikel, uniq_sigmund
D:6:      nicolae_overflow_crystal_walls, nicolae_gozag_zags_fifth_avenue
Temple:   oiseaux_autumnal_temple_12


Message History

You hear the hiss of a very distant avalanche of sand.
The bat hits you but does no damage.
Your plate armour prevents you from hitting the bat.
The bat hits you but does no damage. x2
You completely miss the bat. The bat barely misses you.
The bat barely misses you.
Your plate armour prevents you from hitting the bat.
The bat hits you but does no damage. x2
You hit the bat.
The bat is severely wounded.
The bat hits you but does no damage. x2
You miss the bat.
The bat is severely wounded.
The bat completely misses you. The bat hits you but does no damage.
You hit the bat.
You kill the bat!
Kikubaaqudgha accepts your kill.
You barely miss the adder. The adder barely misses you.
The adder closely misses you.
You closely miss the adder. The adder bites you but does no damage.
You closely miss the adder. The adder barely misses you.
The adder bites you but does no damage.
You miss the adder. The adder bites you but does no damage.
The adder bites you.
You hit the adder.
The adder is heavily wounded.
The adder bites you but does no damage.
You miss the adder.
The adder is heavily wounded.
The adder bites you but does no damage. x2
You slash the adder!
You kill the adder!
Kikubaaqudgha accepts your kill.
A bat comes into view.
You barely miss the bat. The bat barely misses you.
You hit the bat but do no damage.
You hear the brisk hiss of a distant avalanche of sand.
The bat barely misses you.
You slash the bat!
You kill the bat!
Kikubaaqudgha accepts your kill.
You see here a bat corpse.
Found a runed diamond amulet.
B - a runed diamond amulet Put on which piece of jewellery? (? for menu, Esc to quit)
You remove your amulet of regeneration.
B - an amulet of clarity (around neck) Put on which piece of jewellery? (? for menu, Esc to quit)
You remove your amulet of clarity.
r - an amulet of regeneration (around neck) All of the chunks of flesh in your inventory have rotted away.
You hear the brisk hiss of an avalanche of sand nearby.
A goblin comes into view. It is wielding a club.
The goblin shouts!
You hear a shout!
Your plate armour prevents you from hitting the goblin.
The goblin hits you but does no damage.
You slash the goblin!
You kill the goblin!
Kikubaaqudgha accepts your kill.
An ogre comes into view. It is wielding a giant club.
The ogre shouts!
You see here a club.
You hit the ogre.
The ogre is lightly wounded.
The ogre hits you with a giant club.
You hit the ogre but do no damage.
The ogre is lightly wounded.
You closely miss the ogre.
The ogre is lightly wounded.
The ogre hits you with a giant club!
You hit the ogre.
The ogre is moderately wounded.
The ogre barely misses you.
You slash the ogre!
The ogre is severely wounded.
The ogre hits you but does no damage.
You hit the ogre but do no damage.
The ogre is severely wounded.
The ogre hits you but does no damage.
You hit the ogre.
The ogre is severely wounded.
The ogre hits you with a giant club!
You hit the ogre.
The ogre is severely wounded.
The ogre hits you with a giant club!
* * * LOW HITPOINT WARNING * * *
You hit the ogre.
The ogre is severely wounded.
The ogre hits you but does no damage.
You hit the ogre but do no damage.
The ogre is severely wounded.
You hit the ogre.
The ogre is almost dead.
The ogre hits you with a giant club!
* * * LOW HITPOINT WARNING * * *
Your plate armour prevents you from hitting the ogre.
The ogre is almost dead.
The ogre hits you with a giant club!!
You die...
Kikubaaqudgha rasps: "You have failed me!
Welcome... oblivion!"

#.# ### #.#
#.. # #.# #.#
.# #.#######.#
.
#.......#.#.#
#######.#.#.##
#......#
###.#### #@#
.......O.#
#########


You could see an ogre.

Table legend:
 A = Kills in this place as a percentage of kills in entire the game.
 B = Kills by you in this place as a percentage of kills by you in the entire game.
 C = Kills by friends in this place as a percentage of kills by friends in the entire game.
 D = Other kills in this place as a percentage of other kills in the entire game.
 E = Experience gained in this place as a percentage of experience gained in the entire game.
 F = Experience gained in this place divided by the number of levels of this place that you have seen.
                   A       B       C       D       E      F
               +-------+-------+-------+-------+-------+----------------------
         Total | 100.0 | 100.0 |  -nan |  -nan | 100.0 |  76.4
       Dungeon | 100.0 | 100.0 |  -nan |  -nan | 100.0 |  89.2
               +-------+-------+-------+-------+-------+----------------------

Vanquished Creatures
  The ghost of Kharon the Thaumaturge, an average DEWz (D:3)
  A crimson imp (D:4)
  A hound (D:4)
  2 worker ants
  5 adders
  2 worms (D:3)
  2 oozes
  5 orcs (D:4)
  8 bats
  A bat skeleton (D:6)
  3 giant cockroaches
  10 goblins
  10 hobgoblins
  16 jackals
  10 kobolds
  2 quokkas (D:3)
  3 ball pythons
  5 giant geckos
  5 giant newts
  5 rats
97 creatures vanquished.

Notes
Turn   | Place    | Note
--------------------------------------------------------------
     0 | D:1      | magipi, the Ghoul Gladiator, began the quest for the Orb.
     0 | D:1      | Reached XP level 1. HP: 17/17 MP: 1/1
   185 | D:1      | Reached skill level 3 in Axes
   185 | D:1      | Reached XP level 2. HP: 15/24 MP: 2/2
   445 | D:1      | Reached XP level 3. HP: 28/28 MP: 3/3
   931 | D:2      | Found a snail-covered altar of Cheibriados.
   956 | D:2      | Reached skill level 4 in Axes
  1331 | D:3      | Reached XP level 4. HP: 36/36 MP: 3/3
  1403 | D:3      | Noticed Kharon's ghost (average DEWz)
  1503 | D:3      | Killed Kharon's ghost
  1503 | D:3      | Reached skill level 5 in Axes
  1503 | D:3      | Reached XP level 5. HP: 12/40 MP: 4/4
  1877 | D:4      | Found a staircase to the Ecumenical Temple.
  1885 | Temple   | Entered the Ecumenical Temple
  2034 | Temple   | Became a worshipper of Kikubaaqudgha
  2127 | D:4      | Reached skill level 6 in Axes
  2127 | D:4      | Reached XP level 6. HP: 45/47 MP: 5/5
  2130 | D:4      | Got a vibrating bronze ring
  2132 | D:4      | Identified the ring of Truth {rElec rC- MR++ MP-9 Str+3 SInv} (You found it on level 4 of the Dungeon)
  2500 | D:4      | Noticed Duvessa
  2542 | D:5      | Entered Level 5 of the Dungeon
  2616 | D:5      | You fall through a shaft!
  2638 | D:6      | Found a burning altar of Makhleb.
  2953 | D:5      | Demolished by an ogre

Action                   |  1- 3 |  4- 6 || total
-------------------------+-------+-------++-------
Melee: War axe           |   166 |   204 ||   370
Throw: Javelin           |       |     1 ||     1
  Use: Potion            |       |     1 ||     1
       Scroll            |       |     4 ||     4
  Eat: Chunk             |    16 |    13 ||    29

Action                   |  1- 3 |  4- 6 || total
-------------------------+-------+-------++-------
Melee: War axe           |   166 |   204 ||   370
Throw: Javelin           |       |     1 ||     1
  Use: Potion            |       |     1 ||     1
       Scroll            |       |     4 ||     4
  Eat: Chunk             |    16 |    13 ||    29

Action                   |  1- 3 |  4- 6 || total
-------------------------+-------+-------++-------
Melee: War axe           |   166 |   204 ||   370
Throw: Javelin           |       |     1 ||     1
  Use: Potion            |       |     1 ||     1
       Scroll            |       |     4 ||     4
  Eat: Chunk             |    16 |    13 ||    29
